 Dungeon Crawl Stone Soup version 0.20.0-15-g7f486f2 (webtiles) character file.

8 miragecloak the Skirmisher (level 2, -1/24 HPs)
             Began as a Formicid Abyssal Knight on June 27, 2017.
             Was a Follower of Lugonu.
             Succumbed to a goblin's poison
             ... on level 1 of the Dungeon.
             The game lasted 00:00:18 (180 turns).

miragecloak the Skirmisher (Formicid Abyssal Knight) Turns: 180, Time: 00:00:19

Health: -1/24      AC:  3    Str: 16    XL:     2   Next: 15%
Magic:  3/3        EV: 11    Int: 11    God:    Lugonu [*.....]
Gold:   15         SH:  0    Dex: 10    Spells: 1/1 levels left

rFire    . . .     SeeInvis +   a - +1 mace
rCold    . . .     Gourm    .   (no shield)
rNeg     . . .     Faith    .   b - +0 leather armour
rPois    .         Spirit   .   (helmet unavailable)
rElec    .         Reflect  .   (no cloak)
rCorr    .         Harm     .   (no gloves)
MR       .....                  (no boots)
Stlth    +.........             (no amulet)
Regen    0.1/turn               (no ring)
MPRegen  0.1/turn               (no ring)

@: lethally poisoned (-1 -> -17)
A: permanent stasis, dig shafts and tunnels, four strong arms, antennae 3
a: Dig, Shaft Self, Depart the Abyss, Renounce Religion


You were on level 1 of the Dungeon.
You worshipped Lugonu.
Lugonu was aware of your devotion.
You were not hungry.

You visited 1 branch of the dungeon, and saw 1 of its levels.
You visited the Abyss 1 time.

You collected 15 gold pieces.

Inventory:

Hand Weapons
 a - a +1 mace (weapon)
Armour
 b - a +0 leather armour (worn)
Comestibles
 c - a bread ration


   Skills:
 - Level 3.2 Fighting
 + Level 2.7 Maces & Flails
 - Level 2.1 Armour
 - Level 0.8 Dodging
 - Level 2.1 Invocations


You had one spell level left.
You didn't know any spells.

Dungeon Overview and Level Annotations

Branches:
Dungeon (1/15)

Altars:


Innate Abilities, Weirdness & Mutations

You cannot be hasted, slowed, berserked, paralysed or teleported.
You can dig through walls and to a lower floor.
Your four strong arms can wield two-handed weapons with a shield.
You have a pair of large antennae on your head. (SInv)


Message History

You feel sick.
You sock the goblin!
You kill the goblin!
Lugonu accepts your kill.
You have reached level 2!
* * * LOW HITPOINT WARNING * * *
You feel sick.
You aren't carrying any potions.
You closely miss the goblin.
* * * LOW HITPOINT WARNING * * *
You feel sick. The goblin hits you but does no damage.
You are more poisoned.
The goblin hits you but does no damage.
You closely miss the goblin.
* * * LOW HITPOINT WARNING * * *
You feel sick. The goblin barely misses you.
You hit the goblin.
You kill the goblin!
Lugonu accepts your kill.
You die...

### #.) #.# .###.
#.###.#... #.. ....# #.#
....# . #@# ...##..
#####)##...!...
#......†....#..
#.............. ######
#...........#.. m#Q#d#
#.............. #########
#...........[..
.....'..####..........=).!
#######...................


There were no monsters in sight!

Vanquished Creatures
  A bat (D:1)
  A giant cockroach (D:1)
  2 goblins (D:1)
  A hobgoblin (D:1)
  A kobold (D:1)
  A rat (D:1)
7 creatures vanquished.

Notes
Turn   | Place    | Note
-------+----------+-------------------------------------------
     0 | Abyss:1  | miragecloak the Formicid Abyssal Knight began the quest for the Orb.
     0 | Abyss:1  | Reached XP level 1. HP: 18/18 MP: 2/2
   108 | Abyss:1  | Noticed an ancient zyme
   109 | D:1      | Escaped the Abyss
   113 | D:1      | Noticed a vine stalker
   115 | D:1      | Noticed a halfling
   115 | D:1      | Noticed a naga
   117 | D:1      | Noticed a vampire
   119 | D:1      | Noticed a troll
   121 | D:1      | Noticed an ogre
   121 | D:1      | Noticed a demonspawn
   123 | D:1      | Noticed a human
   123 | D:1      | Noticed an octopode
   125 | D:1      | Noticed a formicid
   125 | D:1      | Noticed a ghoul
   128 | D:1      | Noticed an elf
   130 | D:1      | Noticed a gargoyle
   130 | D:1      | Noticed a demigod
   132 | D:1      | Noticed a spriggan
   132 | D:1      | Noticed a centaur
   134 | D:1      | Noticed a merfolk
   134 | D:1      | Noticed a dwarf
   136 | D:1      | Noticed a tengu
   136 | D:1      | Noticed a minotaur
   138 | D:1      | Noticed a draconian
   138 | D:1      | Noticed a felid
   164 | D:1      | Reached * piety under Lugonu
   177 | D:1      | Reached XP level 2. HP: 3/24 MP: 3/3
   179 | D:1      | HP: 1/24 [poisoned by a goblin]
   180 | D:1      | Succumbed to a goblin's poison

Action                   || total
-------------------------++-------
Melee: Mace              ||    22
Invok: Depart the Abyss  ||     1
Armor: Leather armour    ||     8
Dodge: Dodged            ||    29
